[Event "AUT-ch 2018"]
[Site "Vienna"]
[Date "2018.07.26"]
[Round "6"]
[White "Steiner, Bruno"]
[Black "Jedinger, Andreas"]
[Result "1/2-1/2"]
[ECO "A20"]
[WhiteElo "2194"]
[BlackElo "2090"]
[Annotator "NA"]
[PlyCount "132"]
[EventDate "2018.07.22"]
[EventType "swiss"]
[EventCountry "AUT"]
[SourceTitle "playchess.com"]
[Source "ChessBase"]
[SourceQuality "1"]
[TimeControl "40/5400+30:1800+30"]

1. c4 e5 2. e3 Nf6 3. Nc3 d5 4. cxd5 Nxd5 5. Nf3 Nxc3 6. bxc3 Bd6 7. d4 Nd7 8. Bd3 Qe7 9. Qc2 h6 10. O-O O-O 11. Re1 Re8 12. e4 b6 13. Bb5 Rd8 14. Bc6 Rb8 15. Be3 Bb7 16. Bxb7 Rxb7 17. dxe5 Bxe5 18. Nd4 Qf6 19. Rad1 Nf8 20. Nf5 Rbb8 21. f4 Bxc3 22. e5 Qe6 23. Nxg7 Kxg7 24. Qxc3 Kg8 25. Qxc7 Rxd1 26. Rxd1 Rc8 27. Qxa7 Rc2 28. Qa8 Rxa2 29. Qe4 Qg4 30. Rf1 Ng6 31. h3 Qe2 32. Qf3 Nh4 33. Qxe2 Rxe2 34. Bf2 Nf5 35. Bxb6 h5 36. Rf2 Re1+ 37. Rf1 Re2 38. Ra1 Re4 39. g4 hxg4 40. hxg4 Nh4 41. Ra8+ Kh7 42. Bd8 Rxf4 43. g5 Nf3+ 44. Kg2 Nxe5 45. Kg3 Rf3+ 46. Kg2 Rf4 47. Bf6 Rxf6 48. gxf6 Kg6 49. Ra6 Ng4 50. Kf3 Nxf6 51. Kf4 Kg7 52. Kg5 Nh7+ 53. Kf5 Nf8 54. Ke5 Ng6+ 55. Kd6 Kf8 56. Ra8+ Kg7 57. Kd7 Ne5+ 58. Ke8 Ng4 59. Ra1 Nf6+ 60. Kd8 Ng8 61. Rf1 Kf8 62. Rf2 Ne7 63. Rf6 Ng6 64. Kd7 Ne5+ 65. Kd6 Ng6 66. Rxf7+ Kxf7 1/2-1/2

[Event "AUT-ch 2018"]
[Site "Vienna"]
[Date "2018.07.26"]
[Round "6"]
[White "Goessler, Markus"]
[Black "Vitouch, Anatol"]
[Result "0-1"]
[ECO "C08"]
[WhiteElo "2190"]
[BlackElo "2317"]
[Annotator "NA"]
[PlyCount "86"]
[EventDate "2018.07.22"]
[EventType "swiss"]
[EventCountry "AUT"]
[SourceTitle "playchess.com"]
[Source "ChessBase"]
[SourceQuality "1"]
[TimeControl "40/5400+30:1800+30"]

1. e4 e6 2. d4 d5 3. Nd2 c5 4. exd5 exd5 5. Ngf3 a6 6. Be2 Nf6 7. O-O Be7 8. dxc5 Bxc5 9. Nb3 Bb6 10. Qd3 O-O 11. Be3 Bc7 12. c3 Bg4 13. h3 Bh5 14. Bd4 Nbd7 15. Nh4 Bxe2 16. Qxe2 Re8 17. Qf3 Ne5 18. Bxe5 Rxe5 19. Nf5 Ne4 20. Ne3 Qd6 21. Rfd1 Rg5 22. Nf1 Qg6 23. Nd4 Re8 24. Re1 Bb6 25. Rad1 h5 26. Ne3 Rge5 27. h4 Nd6 28. g3 Bxd4 29. cxd4 Re4 30. Ng2 Rxe1+ 31. Nxe1 Re4 32. Ng2 Nf5 33. Qb3 Qc6 34. Nf4 Nxh4 35. Nxd5 Nf5 36. a3 h4 37. Nb4 Qg6 38. Qf3 Nxd4 39. Qd3 hxg3 40. fxg3 Ne2+ 41. Kh2 Nxg3 42. Qd8+ Kh7 43. Rg1 Nf1+ 0-1

[Event "AUT-ch 2018"]
[Site "Vienna"]
[Date "2018.07.26"]
[Round "6"]
[White "Riemelmoser, Stefan"]
[Black "Schnegg, Anna-Lena"]
[Result "0-1"]
[ECO "C97"]
[WhiteElo "2175"]
[BlackElo "2175"]
[Annotator "NA"]
[PlyCount "74"]
[EventDate "2018.07.22"]
[EventType "swiss"]
[EventCountry "AUT"]
[SourceTitle "playchess.com"]
[Source "ChessBase"]
[SourceQuality "1"]
[TimeControl "40/5400+30:1800+30"]

1. e4 e5 2. Nf3 Nc6 3. Bb5 a6 4. Ba4 Nf6 5. O-O Be7 6. Re1 b5 7. Bb3 d6 8. c3 O-O 9. h3 Na5 10. Bc2 c5 11. d4 Qc7 12. Nbd2 Rd8 13. d5 c4 14. Nf1 Nb7 15. Ng3 g6 16. Bg5 Ne8 17. Bh6 Ng7 18. Nh2 f6 19. Ng4 Rf8 20. Re3 Nd8 21. h4 Nf7 22. Bxg7 Kxg7 23. a4 bxa4 24. Qe2 Rb8 25. Rxa4 Rxb2 26. Rxc4 Qa5 27. Nf5+ gxf5 28. exf5 Bxf5 29. Rg3 Kh8 30. Ne3 Bxc2 31. Nxc2 f5 32. Qd3 e4 33. Qd4+ Ne5 34. Nb4 Rb1+ 35. Kh2 Qa1 36. Rg5 Rh1+ 37. Kg3 f4# 0-1

[Event "AUT-ch 2018"]
[Site "Vienna"]
[Date "2018.07.26"]
[Round "6"]
[White "Jakits, Leopold"]
[Black "Gerhold, Michael"]
[Result "1/2-1/2"]
[ECO "A30"]
[WhiteElo "2161"]
[BlackElo "2254"]
[Annotator "NA"]
[PlyCount "107"]
[EventDate "2018.07.22"]
[EventType "swiss"]
[EventCountry "AUT"]
[SourceTitle "playchess.com"]
[Source "ChessBase"]
[SourceQuality "1"]
[TimeControl "40/5400+30:1800+30"]

1. c4 c5 2. g3 Nc6 3. Bg2 g6 4. Nf3 Bg7 5. O-O d6 6. Nc3 Nh6 7. d3 O-O 8. Rb1 Bd7 9. a3 Nf5 10. Bd2 a5 11. b3 Rb8 12. e3 Ne5 13. Nxe5 dxe5 14. b4 axb4 15. axb4 cxb4 16. Rxb4 Bc6 17. Qb1 Bxg2 18. Kxg2 Qd7 19. Rd1 Rfd8 20. Be1 h5 21. Ne4 Bh6 22. Bc3 f6 23. Rb6 Qc8 24. Kh1 h4 25. gxh4 Nxh4 26. Rg1 Kf7 27. c5 Qf5 28. Rg3 Qh5 29. c6 bxc6 30. Rxb8 Rxb8 31. Qxb8 Qd1+ 32. Be1 Qxe1+ 33. Rg1 Qa5 34. Qb3+ Qd5 35. Rb1 f5 36. Qxd5+ cxd5 37. Nc3 d4 38. exd4 exd4 39. Ne2 Bg7 40. f4 Bf6 41. Kg1 g5 42. Kf2 g4 43. Rb5 e6 44. Rb7+ Kg6 45. Rb6 Kf7 46. Rb7+ Kg6 47. Ng1 e5 48. Kg3 exf4+ 49. Kxf4 Ng2+ 50. Kg3 Ne3 51. Rb5 Nf1+ 52. Kg2 Ne3+ 53. Kg3 Nf1+ 54. Kg2 1/2-1/2

[Event "AUT-ch 2018"]
[Site "Vienna"]
[Date "2018.07.26"]
[Round "6"]
[White "Ager, Josef"]
[Black "Sandhoefner, Florian"]
[Result "1/2-1/2"]
[ECO "A05"]
[WhiteElo "2154"]
[BlackElo "2327"]
[Annotator "NA"]
[PlyCount "60"]
[EventDate "2018.07.22"]
[EventType "swiss"]
[EventCountry "AUT"]
[SourceTitle "playchess.com"]
[Source "ChessBase"]
[SourceQuality "1"]
[TimeControl "40/5400+30:1800+30"]

1. Nf3 Nf6 2. g3 b5 3. Bg2 Bb7 4. b3 e6 5. Bb2 c5 6. c4 a6 7. O-O Be7 8. Qc2 Nc6 9. Nc3 b4 10. Na4 O-O 11. d4 cxd4 12. Nxd4 Nxd4 13. Bxd4 Bxg2 14. Kxg2 d5 15. Rfd1 Qc7 16. Rac1 dxc4 17. Qxc4 Qb7+ 18. Qc6 Qxc6+ 19. Rxc6 Rfd8 20. Rcc1 h6 21. Nb6 Rab8 22. Nc4 Rbc8 23. f3 Kf8 24. e4 Ke8 25. Kf1 Rc7 26. Ke2 Rcd7 27. Bb2 Rxd1 28. Rxd1 Rxd1 29. Kxd1 g6 30. Ke2 Nd7 1/2-1/2

[Event "AUT-ch 2018"]
[Site "Vienna"]
[Date "2018.07.26"]
[Round "6"]
[White "Ebner, Johann"]
[Black "Hofegger, Jakob"]
[Result "1/2-1/2"]
[ECO "E73"]
[WhiteElo "2147"]
[BlackElo "2147"]
[Annotator "NA"]
[PlyCount "84"]
[EventDate "2018.07.22"]
[EventType "swiss"]
[EventCountry "AUT"]
[SourceTitle "playchess.com"]
[Source "ChessBase"]
[SourceQuality "1"]
[TimeControl "40/5400+30:1800+30"]

1. d4 Nf6 2. c4 g6 3. Nc3 Bg7 4. e4 d6 5. Be2 O-O 6. Bg5 h6 7. Be3 c5 8. d5 e6 9. h3 exd5 10. exd5 Re8 11. Nf3 Bf5 12. Bd3 Ne4 13. Nxe4 Bxe4 14. Bxe4 Rxe4 15. Qc2 Re7 16. O-O Nd7 17. Rfe1 Qc7 18. Bd2 Rae8 19. Rxe7 Rxe7 20. Re1 Nf6 21. Bc3 a6 22. a4 Rxe1+ 23. Nxe1 Qd7 24. b3 Qe7 25. Nf3 Qe4 26. Qxe4 Nxe4 27. Bxg7 Kxg7 28. Kf1 f5 29. Ke2 Kf6 30. Ke3 b6 31. Ne1 Ng5 32. f4 Ne4 33. Nf3 Ng3 34. h4 Nh5 35. Nd2 g5 36. fxg5+ hxg5 37. g4 Ng3 38. hxg5+ Kxg5 39. gxf5 Nxf5+ 40. Kd3 Kf4 41. Ne4 Ke5 42. Ng5 a5 {[%emt 0:00:00] Ke4+} 1/2-1/2

[Event "AUT-ch 2018"]
[Site "Vienna"]
[Date "2018.07.26"]
[Round "6"]
[White "Trippold, Denise"]
[Black "Hatzl, Johannes"]
[Result "0-1"]
[ECO "E06"]
[WhiteElo "2138"]
[BlackElo "2068"]
[Annotator "NA"]
[PlyCount "126"]
[EventDate "2018.07.22"]
[EventType "swiss"]
[EventCountry "AUT"]
[SourceTitle "playchess.com"]
[Source "ChessBase"]
[SourceQuality "1"]
[TimeControl "40/5400+30:1800+30"]

1. d4 Nf6 2. c4 e6 3. g3 d5 4. Bg2 Be7 5. Nf3 O-O 6. O-O dxc4 7. Qc2 a6 8. a4 Bd7 9. Qxc4 Bc6 10. Nc3 b5 11. Qd3 b4 12. Nb1 Be4 13. Qd1 c5 14. Nbd2 Bb7 15. dxc5 Nbd7 16. Nd4 Bxg2 17. Kxg2 Nxc5 18. N2b3 Qd5+ 19. f3 Rfd8 20. Be3 Qe5 21. Bf4 Qh5 22. g4 Nxg4 23. fxg4 Qxg4+ 24. Bg3 Qe4+ 25. Rf3 Nxb3 26. Qxb3 Rxd4 27. Raf1 Qxe2+ 28. R1f2 Qe4 29. Kg1 Rad8 30. Rf1 Rd2 31. Be1 Bc5+ 32. Bf2 Bxf2+ 33. R3xf2 Rxf2 34. Rxf2 Qg4+ 35. Qg3 Qxg3+ 36. hxg3 g5 37. Rc2 a5 38. Rc5 Rd5 39. Rb5 Kg7 40. Kf2 Rd2+ 41. Ke3 Rxb2 42. Rxg5+ Kf6 43. Rxa5 Ra2 44. Kd3 Ra3+ 45. Kc4 Rxg3 46. Kxb4 Rg4+ 47. Kb3 e5 48. Rb5 h5 49. a5 Rg8 50. a6 Ra8 51. Ra5 Kf5 52. Ra4 e4 53. Kc3 Kf4 54. Kd2 h4 55. Ra3 h3 56. Rxh3 Rxa6 57. Ke1 Ra1+ 58. Kf2 Ra2+ 59. Ke1 f5 60. Rb3 e3 61. Rb5 Ke4 62. Rb4+ Kf3 63. Rb1 Rh2 0-1

[Event "AUT-ch 2018"]
[Site "Vienna"]
[Date "2018.07.26"]
[Round "6"]
[White "Hapala, Elisabeth"]
[Black "Ehs, Dominik"]
[Result "1-0"]
[ECO "C42"]
[WhiteElo "2131"]
[BlackElo "2097"]
[Annotator "NA"]
[PlyCount "81"]
[EventDate "2018.07.22"]
[EventType "swiss"]
[EventCountry "AUT"]
[SourceTitle "playchess.com"]
[Source "ChessBase"]
[SourceQuality "1"]
[TimeControl "40/5400+30:1800+30"]

1. e4 e5 2. Nf3 Nf6 3. Nxe5 d6 4. Nf3 Nxe4 5. Nc3 Nxc3 6. dxc3 Be7 7. Be3 Nc6 8. Qd2 Be6 9. O-O-O a5 10. Kb1 a4 11. Nd4 Nxd4 12. Bxd4 O-O 13. c4 Bf6 14. Qc3 Bxd4 15. Qxd4 a3 16. b3 Qg5 17. Bd3 Qe5 18. Qxe5 dxe5 19. Rde1 Ra5 20. b4 Ra4 21. c3 Rd8 22. Kc2 b5 23. Rxe5 bxc4 24. Be2 Ra6 25. Rc5 Rad6 26. Rd1 Rxd1 27. Bxd1 g6 28. Rxc7 Bf5+ 29. Kc1 Rd3 30. Rxc4 Be6 31. Rc7 Bxa2 32. Bc2 Rd6 33. Ra7 Bc4 34. Rxa3 Re6 35. Bb3 Re1+ 36. Kd2 Re2+ 37. Kd1 Bd3 38. Ra2 Re5 39. Rd2 Bf1 40. Bd5 Kf8 41. c4 1-0

[Event "AUT-ch 2018"]
[Site "Vienna"]
[Date "2018.07.26"]
[Round "6"]
[White "Froewis, Annika"]
[Black "Högl, Emanuel"]
[Result "1-0"]
[ECO "B11"]
[WhiteElo "2128"]
[BlackElo "2128"]
[Annotator "NA"]
[PlyCount "51"]
[EventDate "2018.07.22"]
[EventType "swiss"]
[EventCountry "AUT"]
[SourceTitle "playchess.com"]
[Source "ChessBase"]
[SourceQuality "1"]
[TimeControl "40/5400+30:1800+30"]

1. e4 c6 2. Nf3 d5 3. Nc3 Bg4 4. h3 Bxf3 5. Qxf3 dxe4 6. Nxe4 e6 7. c3 Nd7 8. d4 Ngf6 9. Ng3 Bd6 10. Bd3 Qc7 11. O-O O-O-O 12. b4 Rdg8 13. Bg5 h6 14. Bxf6 Nxf6 15. b5 c5 16. a4 Bxg3 17. fxg3 cxd4 18. cxd4 Kb8 19. a5 Rc8 20. b6 axb6 21. a6 bxa6 22. Bxa6 Rcd8 23. Rfc1 Qd7 24. Qf4+ Qd6 25. Rc8+ Ka7 26. Qxd6 1-0

[Event "AUT-ch 2018"]
[Site "Vienna"]
[Date "2018.07.26"]
[Round "6"]
[White "Toelly, Michael"]
[Black "Ly, Dominik"]
[Result "0-1"]
[ECO "A30"]
[WhiteElo "2127"]
[BlackElo "2217"]
[Annotator "NA"]
[PlyCount "68"]
[EventDate "2018.07.22"]
[EventType "swiss"]
[EventCountry "AUT"]
[SourceTitle "playchess.com"]
[Source "ChessBase"]
[SourceQuality "1"]
[TimeControl "40/5400+30:1800+30"]

1. c4 c5 2. g3 g6 3. Bg2 Bg7 4. e3 Nc6 5. Nc3 d6 6. Nge2 Nh6 7. d4 cxd4 8. exd4 Nf5 9. Be3 O-O 10. O-O Qb6 11. Na4 Qa6 12. b3 Bd7 13. Rc1 Rac8 14. Qd2 Nxe3 15. fxe3 b5 16. cxb5 Qxb5 17. Nac3 Qa5 18. Ne4 Qxd2 19. Nxd2 Nb4 20. Nc3 Bh6 21. Nc4 Rxc4 22. bxc4 Bxe3+ 23. Kh1 Bxc1 24. Rxc1 Rc8 25. Bf1 Bf5 26. Kg1 Kf8 27. a3 Nd3 28. Rb1 Rxc4 29. Nd5 Rc1 30. Rb8+ Kg7 31. Ne3 Be4 32. Re8 Kf6 33. d5 h5 34. Ra8 Rc7 0-1

[Event "AUT-ch 2018"]
[Site "Vienna"]
[Date "2018.07.26"]
[Round "6"]
[White "Hupfer, Robert"]
[Black "Peyrer, Konstantin"]
[Result "1/2-1/2"]
[ECO "A65"]
[WhiteElo "2122"]
[BlackElo "2209"]
[Annotator "NA"]
[PlyCount "97"]
[EventDate "2018.07.22"]
[EventType "swiss"]
[EventCountry "AUT"]
[SourceTitle "playchess.com"]
[Source "ChessBase"]
[SourceQuality "1"]
[TimeControl "40/5400+30:1800+30"]

1. d4 Nf6 2. c4 c5 3. d5 e6 4. Nc3 exd5 5. cxd5 d6 6. e4 g6 7. Bd3 Bg7 8. Nge2 O-O 9. O-O Re8 10. Ng3 a6 11. a4 Qc7 12. Re1 Nbd7 13. h3 h5 14. a5 h4 15. Nf1 Nh7 16. Ne3 Ne5 17. Be2 f5 18. exf5 Bxf5 19. f4 Nf7 20. Nxf5 gxf5 21. Bd3 Nh6 22. Be3 Rxe3 23. Rxe3 Bd4 24. Qf3 c4 25. Bf1 Qc5 26. Rae1 Re8 27. Nd1 Qxa5 28. Kh2 Bxe3 29. Rxe3 Rxe3 30. Qxe3 Qxd5 31. Qe8+ Kg7 32. Ne3 Qe4 33. Qd7+ Kh8 34. Qc8+ Ng8 35. Bxc4 Qxf4+ 36. Kh1 Nhf6 37. Nxf5 Qc1+ 38. Kh2 d5 39. Qc7 Qg5 40. Bd3 Ne4 41. Bxe4 dxe4 42. Qe5+ Nf6 43. Qb8+ Kh7 44. Qxb7+ Kg6 45. Ne7+ Kh6 46. Qb8 e3 47. Qf8+ Kh7 48. Qf7+ Kh6 49. Qf8+ 1/2-1/2

[Event "AUT-ch 2018"]
[Site "Vienna"]
[Date "2018.07.26"]
[Round "6"]
[White "Zojer, Stefan"]
[Black "Holzleithner, Johannes"]
[Result "1-0"]
[ECO "A45"]
[WhiteElo "2108"]
[BlackElo "2108"]
[Annotator "NA"]
[PlyCount "147"]
[EventDate "2018.07.22"]
[EventType "swiss"]
[EventCountry "AUT"]
[SourceTitle "playchess.com"]
[Source "ChessBase"]
[SourceQuality "1"]
[TimeControl "40/5400+30:1800+30"]

1. d4 Nf6 2. Bg5 d5 3. Bxf6 exf6 4. e3 Bd6 5. c4 dxc4 6. Nd2 O-O 7. Bxc4 Nd7 8. Ngf3 Nb6 9. Bd3 Re8 10. O-O f5 11. Qc2 g6 12. g3 Nd5 13. a3 Nf6 14. Nc4 Be6 15. Nce5 Bd5 16. Bc4 c6 17. Qb3 Qb6 18. Qc2 Re7 19. b4 Rae8 20. Rfc1 Be4 21. Qb3 Bd5 22. b5 Bxe5 23. Nxe5 Rxe5 24. dxe5 Rxe5 25. bxc6 Qxc6 26. Bxd5 Qxd5 27. Rc8+ Kg7 28. Qb4 Nd7 29. Rc7 Nc5 30. Qd4 Nb3 31. Qxd5 Rxd5 32. Rb1 Na5 33. a4 a6 34. Rbc1 b5 35. axb5 axb5 36. R7c5 Rxc5 37. Rxc5 Nb7 38. Rxb5 Nd6 39. Rd5 Ne4 40. f3 Ng5 41. Kg2 h6 42. h4 Ne6 43. h5 Ng5 44. hxg6 Kxg6 45. Rd6+ f6 46. Rd7 h5 47. Kf2 Nh3+ 48. Kf1 Ng5 49. Ke2 Kh6 50. Rd5 Kg6 51. Ra5 Nf7 52. Rb5 Ng5 53. Rd5 Nf7 54. f4 Nh6 55. Kf3 Ng4 56. e4 fxe4+ 57. Kxe4 Nf2+ 58. Kf3 Ng4 59. Ra5 Nh2+ 60. Kg2 Ng4 61. Kh3 Ne3 62. Kh4 Ng2+ 63. Kh3 Ne3 64. Rb5 Kh6 65. Rb3 Nf5 66. g4 hxg4+ 67. Kxg4 Kg6 68. Rb1 Ne3+ 69. Kf3 Nd5 70. Rd1 Ne7 71. Ke4 Kf7 72. Ra1 f5+ 73. Ke5 Kg6 {[%emt 0:05:25] Ke4} 74. Ke6 1-0

[Event "AUT-ch 2018"]
[Site "Vienna"]
[Date "2018.07.26"]
[Round "6"]
[White "Pacher, Simon"]
[Black "Knoll, Hermann"]
[Result "0-1"]
[ECO "C68"]
[WhiteElo "2097"]
[BlackElo "2338"]
[Annotator "NA"]
[PlyCount "94"]
[EventDate "2018.07.22"]
[EventType "swiss"]
[EventCountry "AUT"]
[SourceTitle "playchess.com"]
[Source "ChessBase"]
[SourceQuality "1"]
[TimeControl "40/5400+30:1800+30"]

1. e4 e5 2. Nf3 Nc6 3. Bb5 a6 4. Bxc6 dxc6 5. O-O Be6 6. Nc3 f6 7. d4 exd4 8. Nxd4 Bc4 9. Re1 c5 10. Nf5 Qxd1 11. Rxd1 g6 12. Ne3 Be6 13. Ned5 O-O-O 14. Be3 g5 15. Rd2 Re8 16. a4 b6 17. e5 fxe5 18. Bxg5 Bh6 19. h4 Bxg5 20. hxg5 Bf5 21. Ne3 Bg6 22. Re1 h6 23. gxh6 Nxh6 24. Nc4 Nf7 25. Rde2 Rd8 26. Nb1 Rh4 27. Nba3 e4 28. Re3 Rdh8 29. f3 exf3 30. Rxf3 Ng5 31. Rg3 Rh1+ 32. Kf2 Ne4+ 33. Rxe4 Bxe4 34. Ne3 Bc6 35. b3 R1h4 36. Nac4 Rf8+ 37. Kg1 Re4 38. Rg6 Be8 39. Rg3 Bd7 40. Nd2 Ree8 41. Ndc4 Rg8 42. Rf3 Bc6 43. Rf6 Bb7 44. Rf5 Rg3 45. Kf2 Reg8 46. Ne5 Bxg2 47. N5g4 R3xg4 0-1

[Event "AUT-ch 2018"]
[Site "Vienna"]
[Date "2018.07.26"]
[Round "6"]
[White "Pernerstorfer, Johannes"]
[Black "Polterauer, Chiara"]
[Result "0-1"]
[ECO "A13"]
[WhiteElo "2066"]
[BlackElo "2169"]
[Annotator "NA"]
[PlyCount "100"]
[EventDate "2018.07.22"]
[EventType "swiss"]
[EventCountry "AUT"]
[SourceTitle "playchess.com"]
[Source "ChessBase"]
[SourceQuality "1"]
[TimeControl "40/5400+30:1800+30"]

1. c4 e6 2. e4 d5 3. cxd5 exd5 4. exd5 Nf6 5. Nf3 Nxd5 6. Bc4 Qe7+ 7. Kf1 Nb6 8. Bb3 Nc6 9. d4 Bg4 10. Be3 O-O-O 11. Nc3 f6 12. a4 Na5 13. Qc2 Nxb3 14. Qxb3 Be6 15. Qc2 Qb4 16. Nd2 Nc4 17. d5 Nxd2+ 18. Qxd2 Qc4+ 19. Qe2 Bxd5 20. Nxd5 Qxe2+ 21. Kxe2 Rxd5 22. Rhc1 a6 23. Rc4 Bd6 24. b4 Re8 25. b5 axb5 26. Rg4 g6 27. Rh4 Re7 28. axb5 Rxb5 29. Ra8+ Kd7 30. Rh8 Rb2+ 31. Kd3 c5 32. R8xh7 Rxh7 33. Rxh7+ Ke6 34. Ke4 b5 35. Rh6 f5+ 36. Kf3 Kf6 37. h4 f4 38. h5 fxe3 39. Rxg6+ Ke7 40. fxe3 Be5 41. Ke4 Bf6 42. g4 Rg2 43. Rg8 c4 44. Kf3 Rg1 45. Kf2 Kf7 46. Rb8 Rb1 47. Rb7+ Kf8 48. h6 c3 49. Rc7 Rh1 50. g5 c2 0-1

[Event "AUT-ch 2018"]
[Site "Vienna"]
[Date "2018.07.26"]
[Round "6"]
[White "Mayrhuber, Nikola"]
[Black "Bauer, Thomas"]
[Result "0-1"]
[ECO "A67"]
[WhiteElo "2046"]
[BlackElo "2181"]
[Annotator "NA"]
[PlyCount "64"]
[EventDate "2018.07.22"]
[EventType "swiss"]
[EventCountry "AUT"]
[SourceTitle "playchess.com"]
[Source "ChessBase"]
[SourceQuality "1"]
[TimeControl "40/5400+30:1800+30"]

1. d4 Nf6 2. c4 c5 3. d5 e6 4. Nc3 exd5 5. cxd5 d6 6. e4 g6 7. f4 Bg7 8. Bb5+ Nfd7 9. Nf3 O-O 10. O-O Na6 11. Kh1 Rb8 12. f5 Nc7 13. Bg5 f6 14. Bxd7 Qxd7 15. Bf4 b5 16. g4 Re8 17. Nd2 Ba6 18. b4 cxb4 19. Ne2 h5 20. Nd4 Bb7 21. h4 g5 22. Bg3 Bh6 23. gxh5 Rbc8 24. Rg1 Kh7 25. hxg5 Bxg5 26. Ne6 Be3 27. Bh4 Bxg1 28. Qxg1 Rg8 29. Qd4 Nxe6 30. fxe6 Qg7 31. Rg1 Rc1 32. Nf3 Qg2# 0-1

[Event "AUT-ch 2018"]
[Site "Vienna"]
[Date "2018.07.26"]
[Round "6"]
[White "Zanon, Magnus"]
[Black "Charaus, Florian"]
[Result "1-0"]
[ECO "A01"]
[WhiteElo "2022"]
[BlackElo "2115"]
[Annotator "NA"]
[PlyCount "49"]
[EventDate "2018.07.22"]
[EventType "swiss"]
[EventCountry "AUT"]
[SourceTitle "playchess.com"]
[Source "ChessBase"]
[SourceQuality "1"]
[TimeControl "40/5400+30:1800+30"]

1. b3 Nf6 2. Bb2 e6 3. e3 Be7 4. f4 c5 5. Nf3 b6 6. Bd3 Ba6 7. Qe2 Bxd3 8. Qxd3 Nc6 9. a3 d5 10. Nc3 O-O 11. O-O Na5 12. Qe2 d4 13. exd4 cxd4 14. Ne4 d3 15. cxd3 Nxb3 16. Rae1 Nc5 17. Ne5 Qd5 18. Rf3 Rad8 19. Nf2 Rc8 20. Rg3 Na4 21. Ba1 Bc5 22. Nd7 Qxd7 23. Rxg7+ Kxg7 24. Qg4+ Kh6 25. Qg5# 1-0

[Event "AUT-ch 2018"]
[Site "Vienna"]
[Date "2018.07.27"]
[Round "7"]
[White "Balinov, Ilia"]
[Black "Huber, Martin Christian"]
[Result "1/2-1/2"]
[ECO "A26"]
[WhiteElo "2478"]
[BlackElo "2374"]
[Annotator "ChessBase"]
[PlyCount "73"]
[EventDate "2018.07.22"]
[EventType "swiss"]
[EventCountry "AUT"]
[SourceTitle "playchess.com"]
[Source "ChessBase"]
[SourceQuality "1"]
[TimeControl "40/5400+30:1800+30"]

1. c4 g6 2. g3 Bg7 3. Bg2 e5 4. Nc3 Nc6 5. d3 d6 6. Rb1 a5 7. Nf3 Nf6 8. O-O O-O 9. Bg5 h6 10. Bxf6 Bxf6 11. a3 Bg7 12. b4 axb4 13. axb4 Re8 14. b5 Ne7 15. Qb3 Be6 16. Nd2 c6 17. Nde4 f5 18. Nd2 d5 19. cxd5 Nxd5 20. bxc6 bxc6 21. Nxd5 cxd5 22. Rfc1 Qa5 23. Rc6 Bf7 24. Qc2 e4 25. Nf1 Qa2 26. h4 Qxc2 27. Rxc2 Rec8 28. Rxc8+ Rxc8 29. dxe4 dxe4 30. h5 Bd4 31. hxg6 Bxg6 32. e3 Bf6 33. Rb6 Rf8 34. Nd2 h5 35. Bf1 Kg7 36. Bc4 h4 37. gxh4 1/2-1/2

[Event "AUT-ch 2018"]
[Site "Vienna"]
[Date "2018.07.27"]
[Round "7"]
[White "Stanec, Nikolaus"]
[Black "Dragnev, Valentin"]
[Result "1-0"]
[ECO "D40"]
[WhiteElo "2465"]
[BlackElo "2499"]
[Annotator "ChessBase"]
[PlyCount "139"]
[EventDate "2018.07.22"]
[EventType "swiss"]
[EventCountry "AUT"]
[SourceTitle "playchess.com"]
[Source "ChessBase"]
[SourceQuality "1"]
[TimeControl "40/5400+30:1800+30"]

1. Nf3 d5 2. d4 Nf6 3. c4 e6 4. Nc3 c5 5. e3 Nc6 6. cxd5 exd5 7. Bb5 cxd4 8. exd4 Bd6 9. O-O O-O 10. Bg5 Bg4 11. Be2 Re8 12. h3 Be6 13. Bd3 h6 14. Bh4 a6 15. Qd2 Rc8 16. Rad1 Be7 17. Rfe1 b5 18. a3 Na5 19. Bb1 Nd7 20. Bxe7 Rxe7 21. Ne5 Nf8 22. Nd3 Nc4 23. Qc1 Nd7 24. b4 Re8 25. Nc5 Rc6 26. a4 bxa4 27. N3xa4 Nf6 28. Bd3 Qd6 29. Bxc4 dxc4 30. d5 Nxd5 31. Nc3 Rcc8 32. Qd2 Red8 33. Nb7 Qxb4 34. Nxd8 Rxd8 35. Nxd5 Qxd2 36. Rxd2 Rxd5 37. Rxd5 Bxd5 38. Re8+ Kh7 39. Re5 Be6 40. Ra5 g5 41. Rxa6 h5 42. f3 h4 43. Kf2 Kg6 44. Ke3 Kf6 45. Ke4 Kg6 46. Ke5 Kg7 47. Rc6 Kg6 48. Rd6 Kg7 49. Rd8 c3 50. Rd3 c2 51. Rc3 Bb3 52. Kf5 f6 53. Rc7+ Bf7 54. f4 c1=Q 55. Rxc1 Bg6+ 56. Kg4 Be4 57. fxg5 fxg5 58. Kxg5 Bxg2 59. Kxh4 Be4 60. Kg5 Bd3 61. Rc7+ Kg8 62. Kh6 Be4 63. h4 Bd3 64. Rc3 Bb1 65. Rg3+ Kf7 66. Rg7+ Kf8 67. Rg5 Bc2 68. Kh5 Bd1+ 69. Kg6 Ba4 70. Kf6 1-0

[Event "AUT-ch 2018"]
[Site "Vienna"]
[Date "2018.07.27"]
[Round "7"]
[White "Halvax, Georg"]
[Black "Schwabeneder, Florian"]
[Result "1/2-1/2"]
[ECO "C01"]
[WhiteElo "2433"]
[BlackElo "2431"]
[Annotator "NA"]
[PlyCount "60"]
[EventDate "2018.07.22"]
[EventType "swiss"]
[EventCountry "AUT"]
[SourceTitle "playchess.com"]
[Source "ChessBase"]
[SourceQuality "1"]
[TimeControl "40/5400+30:1800+30"]

1. e4 e6 2. d4 d5 3. exd5 exd5 4. Nc3 Bb4 5. Bd3 Nc6 6. Nf3 Nge7 7. O-O O-O 8. Ne2 Bf5 9. Ng3 Bxd3 10. Qxd3 Bd6 11. Ng5 g6 12. c3 Qd7 13. Bd2 f6 14. Nh3 Nd8 15. Rae1 Nf7 16. Nf4 Bxf4 17. Bxf4 Rae8 18. Re2 Nc8 19. Rfe1 c6 20. h4 Ncd6 21. h5 Rxe2 22. Rxe2 Kg7 23. hxg6 hxg6 24. Qd2 Re8 25. Qe1 Rxe2 26. Qxe2 Kf8 27. f3 Nf5 28. Qd3 Nxg3 29. Bxg3 Kg7 30. Bf4 Qe6 1/2-1/2

[Event "AUT-ch 2018"]
[Site "Vienna"]
[Date "2018.07.27"]
[Round "7"]
[White "Blohberger, Felix"]
[Black "Schreiner, Peter"]
[Result "1/2-1/2"]
[ECO "C85"]
[WhiteElo "2420"]
[BlackElo "2467"]
[Annotator "ChessBase"]
[PlyCount "68"]
[EventDate "2018.07.22"]
[EventType "swiss"]
[EventCountry "AUT"]
[SourceTitle "playchess.com"]
[Source "ChessBase"]
[SourceQuality "1"]
[TimeControl "40/5400+30:1800+30"]

1. e4 e5 2. Nf3 Nc6 3. Bb5 a6 4. Ba4 Nf6 5. O-O Be7 6. Bxc6 dxc6 7. d3 Nd7 8. Be3 c5 9. Nc3 O-O 10. a4 a5 11. Nd2 Nb8 12. f4 exf4 13. Bxf4 Be6 14. Qe1 Nc6 15. Nf3 c4 16. Rd1 cxd3 17. Qg3 Nb4 18. cxd3 f6 19. d4 Bd6 20. d5 Bxf4 21. Qxf4 Bd7 22. Nd4 Re8 23. Kh1 Rc8 24. Qg3 Qe7 25. Nf5 Bxf5 26. Rxf5 Qd6 27. Qg4 Qd7 28. Qf3 b6 29. h4 Na6 30. h5 h6 31. Rf1 Nc5 32. Qg4 Re5 33. Qg6 Rxf5 34. Rxf5 Qf7 1/2-1/2

[Event "AUT-ch 2018"]
[Site "Vienna"]
[Date "2018.07.27"]
[Round "7"]
[White "Morgunov, Marc"]
[Black "Schroll, Gerhard"]
[Result "1-0"]
[ECO "C42"]
[WhiteElo "2362"]
[BlackElo "2295"]
[Annotator "NA"]
[PlyCount "72"]
[EventDate "2018.07.22"]
[EventType "swiss"]
[EventCountry "AUT"]
[SourceTitle "playchess.com"]
[Source "ChessBase"]
[SourceQuality "1"]
[TimeControl "40/5400+30:1800+30"]

1. e4 e5 2. Nf3 Nf6 3. Nxe5 d6 4. Nf3 Nxe4 5. d4 d5 6. Bd3 Be7 7. O-O Nc6 8. Re1 Bg4 9. c4 Nf6 10. cxd5 Qxd5 11. Nc3 Bxf3 12. Nxd5 Bxd1 13. Nxf6+ gxf6 14. d5 Ne5 15. Rxd1 Nxd3 16. Rxd3 O-O-O 17. Bd2 Bd6 18. Rd1 Rd7 19. Re1 Rhd8 20. Rh3 Be5 21. Bc3 Rxd5 22. Rxh7 Bxc3 23. bxc3 Re5 24. Kf1 Rf8 25. Rxe5 fxe5 26. h4 Kd7 27. Ke2 Ke6 28. g4 b5 29. Rh6+ Kd5 30. Rf6 c5 31. h5 a5 32. h6 Rh8 33. g5 Rh7 34. Rxf7 Rxf7 35. g6 Ke6 36. h7 Rxf2+ 1-0